 Dungeon Crawl Stone Soup version 0.28-a0-1510-gd0f6b136d3 (webtiles) character file.

Game seed: 8477555924671976281

82 dolemite99 the Ruffian (level 4, -1/39 HPs)
             Began as a Troll Hedge Wizard on Jan 15, 2022.
             Was a Follower of the Shining One.
             Slain by a gnoll (6 damage)
             ... on level 2 of the Dungeon.
             The game lasted 00:01:43 (1187 turns).

dolemite99 the Ruffian (Troll Hedge Wizard)         Turns: 1187, Time: 00:01:44

Health: -1/39      AC:  4    Str: 20    XL:     4   Next: 21%
Magic:  6/6        EV:  9    Int: 10    God:    the Shining One [*.....]
Gold:   49         SH:  0    Dex:  9    Spells: 6/7 levels left

rFire   . . .      SeeInvis .     - Unarmed
rCold   . . .      Faith    .   (no shield)
rNeg    . . .      Spirit   .   b - +0 robe
rPois   .          Reflect  .   c - +0 hat
rElec   .          Harm     .   (no cloak)
rCorr   .          Rampage  .   (gloves unavailable)
Will    .....                   (boots unavailable)
Stlth   +.........              (no amulet)
HPRegen 0.93/turn               (no ring)
MPRegen 0.10/turn               (no ring)

@: glowing
A: large, unfitting armour, claws 3, regeneration 1, shaggy fur 1, tough skin 1
a: Renounce Religion, Divine Shield


You were on level 2 of the Dungeon.
You worshipped the Shining One.
The Shining One was aware of your devotion.
You visited 1 branch of the dungeon, and saw 2 of its levels.

You collected 49 gold pieces.

Inventory:

Hand Weapons
 a - a +0 dagger
Missiles
 e - 44 stones
 h - 2 boomerangs
 i - 5 poisoned darts
 l - 3 large rocks
Armour
 b - a +0 robe (worn)
 c - a +0 hat (worn)
Scrolls
 f - 2 scrolls of identify {unknown}
 g - a scroll of noise {unknown}
 j - a scroll of fear {unknown}
 k - a scroll of fog {unknown}
 m - a scroll of summoning {unknown}
Potions
 d - a potion of lignification {unknown}


   Skills:
 - Level 1.5 Dodging
 - Level 1.0 Stealth
 + Level 3.9 Unarmed Combat
 - Level 2.0 Spellcasting
 - Level 0.6 Conjurations
 - Level 0.6 Summonings
 - Level 0.6 Translocations


You had 6 spell levels left.
You knew the following spells:

 Your Spells              Type           Power      Damage    Failure   Level
a - Magic Dart            Conj           8%         1d3       24%         1

Your spell library contained the following spells:

 Spells                   Type           Power      Damage    Failure   Level
 Apportation              Tloc           4%         N/A       24%         1
 Summon Small Mammal      Summ           8%         N/A       24%         1
 Slow                     Hex            4%         N/A       30%         1
 Blink                    Tloc           4%         N/A       36%         2
 Call Imp                 Summ           2%         N/A       36%         2
 Call Canine Familiar     Summ           2%         N/A       58%         3
 Conjure Flame            Conj/Fire      1%         6-21      63%         3
 Summon Guardian Golem    Hex/Summ       1%         N/A       63%         3
 Mephitic Cloud           Conj/Pois/Air  1%         N/A       65%         3
 Alistair's Intoxication  Tmut/Pois      0%         N/A       100%        5


Dungeon Overview and Level Annotations

Branches:
Dungeon (2/15)

Altars:
The Shining One


Innate Abilities, Weirdness & Mutations

You are too large for most types of armour.
You have claws for hands.
Your natural rate of healing is unusually fast.
You are covered in fur. (AC +1)
You have tough skin. (AC +1)


Message History

The hobgoblin barely misses you.
You claw the hobgoblin!
You kill the hobgoblin!
The orc priest shouts!
You hear a shout! x2
The orc priest barely misses you.
A gnoll comes into view. It is wielding a +0 whip.
You scratch the gnoll.
The gnoll is moderately wounded.
The orc priest hits you with a +0 hand axe.
The gnoll hits you with a +0 club.
You scratch the orc priest but do no damage.
You claw the orc priest.
The orc priest is moderately wounded.
The orc priest closely misses you. The gnoll hits you with a +0 club.
A gnoll comes into view. It is wielding a +0 flail.
A gnoll comes into view. It is wielding a +0 halberd.
Okay, then.
You barely miss the orc priest.
The gnoll shouts!
You claw the orc priest!
The orc priest is severely wounded.
The orc priest hits you with a +0 hand axe.
The gnoll closely misses you.
You claw the orc priest!
You kill the orc priest!
The Shining One accepts your kill.
The gnoll throws a throwing net.
The throwing net hits you.
You become entangled in the net!
You have reached level 4!
You struggle against the net.
The gnoll hits you with a +0 club.
You struggle against the net.
The gnoll hits you with a +0 club. The gnoll hits you with a +0 flail!
* * * LOW HITPOINT WARNING * * *
A quokka comes into view.
You struggle against the net.
The gnoll completely misses you. The gnoll hits you with a +0 flail.
* * * LOW HITPOINT WARNING * * *
You shred the net and break free! The gnoll closely misses you.
The gnoll hits you with a +0 club.
You die...

#...####.#
............#
##. #.#
#.........#..
# #.##
#.....>...#..
#..#
....#####.#..
##.# #>.
#.#.. #.#
.... .#. #.#
...r#
#.#....#
#@g....#
#gg##.## #g.#
#..# #..#
#... #...
#....


You could see 4 gnolls and a quokka.

Vanquished Creatures
  An orc priest (D:2)
  2 dart slugs (D:1)
  2 orcs (D:1)
  5 endoplasms
  5 goblins
  7 hobgoblins
  4 kobolds
  4 quokkas
  4 ball pythons
  4 bats
  A frilled lizard (D:1)
  2 rats
41 creatures vanquished.

Notes
Turn   | Place    | Note
-------+----------+-------------------------------------------
     0 | D:1      | dolemite99 the Troll Hedge Wizard began the quest for the
                  | Orb.
     0 | D:1      | Reached XP level 1. HP: 16/16 MP: 2/2
    25 | D:1      | Found a faded altar of an unknown god.
    43 | D:1      | Reached skill level 1 in Unarmed Combat
    50 | D:1      | Prayed at the altar of an unknown god.
    50 | D:1      | Became a worshipper of the Shining One
    50 | D:1      | Reached * piety under the Shining One
   282 | D:1      | Reached XP level 2. HP: 21/24 MP: 0/4
   379 | D:1      | Reached skill level 2 in Unarmed Combat
   821 | D:1      | Reached XP level 3. HP: 31/31 MP: 3/5
  1005 | D:2      | Reached skill level 3 in Unarmed Combat
  1184 | D:2      | Reached XP level 4. HP: 24/39 MP: 6/6
  1187 | D:2      | Slain by a gnoll

Illustrated notes

Levels and vault maps discovered:
D:1:      minmay_arrival_stair_chambers, layout_loops_ring,
          ebering_ecumenical_altar_rust, feat_on_display
D:2:      layout_rooms

Skill      XL: |  1  2  3 |
---------------+----------+-----
Unarmed Combat | 1 2 3 |  3.9
Dodging        | |  1.5
Stealth        | |  1.0
Spellcasting   | |  2.0
Conjurations   | |  0.6
Summonings     | |  0.6
Translocations | |  0.6

Action                   |  1- 3 |  4- 6 || total
-------------------------+-------+-------++-------
Melee: Unarmed           |    92 |       ||    92
       Punch             |     3 |       ||     3
 Cast: Magic Dart        |     5 |       ||     5
Armor: Robe              |    43 |       ||    43
Dodge: Dodged            |    55 |     2 ||    57

Table legend: (Time is in decaauts)
 A = Elapsed time spent in this place.
 B = Non-inter-level travel time spent in this place.
 C = Inter-level travel time spent in this place.
 D = Time resting spent in this place.
 E = Time spent auto-exploring this place.
 F = Levels seen in this place.
 G = Mean time per level.
                   A        B        C        D        E       F      G
               +--------+--------+--------+--------+--------+-----+--------+
         Total |   1186 |   1131 |     55 |    142 |    652 |   2 |  593.0 |
       Dungeon |   1186 |   1131 |     55 |    142 |    652 |   2 |  593.0 |
               +--------+--------+--------+--------+--------+-----+--------+

Top non-repeatable levels by time:
     D:1: 982 daAuts
     D:2: 204 daAuts
